 Dungeon Crawl Stone Soup version 0.29-a0-22-gbf593b16ee (webtiles) character file.

Game seed: 9533760638519914136

17624 Ajdolov the Martial Artist (level 12, -2/145 HPs)
             Began as a Gnoll Wanderer on Jan 29, 2022.
             Was a Believer of Ashenzari.
             Killed from afar by a steam dragon (13 damage)
             ... with a ball of steam
             ... on level 1 of the Lair of Beasts.
             The game lasted 00:42:10 (16741 turns).

Ajdolov the Martial Artist (Gnoll Wanderer)        Turns: 16741, Time: 00:42:10

Health: -2/145     AC: 14    Str: 12    XL:     12   Next: 50%
Magic:  23/23      EV: 12    Int: 11    God:    Ashenzari [**....]
Gold:   1621       SH:  5    Dex: 17    Spells: 20/25 levels left

rFire   . . .      SeeInvis +     - Unarmed
rCold   . . .      Faith    .   (no shield)
rNeg    . . .      Spirit   .   l - +2 ring mail of Ashenzari's Black Moon {Will+, Comp, Alch} (curse)
rPois   .          Reflect  +   (no helmet)
rElec   .          Harm     .   (no cloak)
rCorr   .          Rampage  .   (no gloves)
Will    +....                   c - +0 pair of boots of the Cursed Stars {Elem, Comp} (curse)
Stlth   ..........              b - amulet "Unveiling Oracle" {Reflect SH+5, Cun, Alch} (curse)
HPRegen 0.34/turn               r - ring "Elysian Sophism" {AC+4, Evo, Alch} (curse)
MPRegen 0.18/turn               (no ring)

@: berserking, constricted, very quick
A: fangs 1, strong nose, distributed training
a: Renounce Religion, Curse Item, Shatter the Chains


You were on level 1 of the Lair of Beasts.
You worshipped Ashenzari.
Ashenzari was pleased with you.
You visited 3 branches of the dungeon, and saw 13 of its levels.

You collected 1850 gold pieces.
You spent 229 gold pieces at shops.

Inventory:

Hand Weapons
 g - a +0 hunting sling
 p - a +3 whip of flaming
Missiles
 i - 3 throwing nets
 j - 24 poisoned darts (quivered)
 s - 412 stones
Armour
 c - the cursed +0 pair of boots of the Cursed Stars (worn) {Elem, Comp}
   (You found it on level 9 of the Dungeon)

   It has a curse which improves the following skills: Elements: Fire Magic, Ice
   Magic, Air Magic and Earth Magic.
   Companions: Summonings and Necromancy.
 l - the cursed +2 ring mail of Ashenzari's Black Moon (worn) {Will+, Comp, Alch}
   (You took it off Joseph on level 8 of the Dungeon)

   It has a curse which improves the following skills: Companions: Summonings
   and Necromancy.
   Alchemy:   Poison Magic and Transmutations.
Magical Staves
 I - a staff of death
Jewellery
 b - the cursed amulet "Unveiling Oracle" (around neck) {Reflect SH+5, Cun, Alch}
   (You found it on level 5 of the Dungeon)

   [amulet of reflection]

   It reflects blocked missile attacks.
   SH:        It affects your SH (+5).
   It has a curse which improves the following skills: Cunning: Dodging and
   Stealth.
   Alchemy:   Poison Magic and Transmutations.
 r - the cursed ring "Elysian Sophism" (left hand) {AC+4, Evo, Alch}
   (You found it on level 4 of the Dungeon)

   [ring of protection]

   AC:        It affects your AC (+4).
   It has a curse which improves the following skills: Evocations: Evocations.
   Alchemy:   Poison Magic and Transmutations.
Wands
 o - a wand of paralysis (1)
 t - a wand of digging (4)
 y - a wand of polymorph (9)
 G - a wand of charming (2)
Scrolls
 a - 8 scrolls of identify
 e - a scroll of fear
 f - 4 scrolls of teleportation
 h - 2 scrolls of fog
 k - a scroll of vulnerability
 q - a scroll of blinking
 v - 2 scrolls of noise
 D - a scroll of magic mapping
 H - a scroll of enchant weapon
Potions
 d - 3 potions of curing
 m - a potion of lignification
 n - a potion of magic
 u - 2 potions of degeneration
 w - a potion of mutation
 z - 2 potions of ambrosia
 A - 3 potions of invisibility
 B - 3 potions of brilliance
 F - a potion of resistance
Miscellaneous
 C - a phial of floods (inert)


   Skills:
 + Level 9.9 Fighting
 + Level 7.3 Short Blades
 + Level 7.3 Long Blades
 + Level 7.3 Axes
 + Level 7.3 Maces & Flails
 + Level 7.3 Polearms
 + Level 7.8 Staves
 + Level 7.3 Slings
 + Level 7.3 Bows
 + Level 7.3 Crossbows
 + Level 7.3 Throwing
 + Level 7.3 Armour
 + Level 7.3(8.6) Dodging
 + Level 7.3(8.6) Stealth
 + Level 7.3 Shields
 + Level 12.6 Unarmed Combat
 + Level 7.3 Spellcasting
 + Level 6.1 Conjurations
 + Level 6.1 Hexes
 + Level 6.1(8.0) Summonings
 + Level 6.1(8.0) Necromancy
 + Level 6.1 Translocations
 + Level 6.1(8.6) Transmutations
 + Level 6.1(7.3) Fire Magic
 + Level 6.1(7.3) Ice Magic
 + Level 6.1(7.3) Air Magic
 + Level 6.1(7.3) Earth Magic
 + Level 6.1(8.6) Poison Magic
 + Level 8.5 Invocations
 + Level 7.3(8.6) Evocations


You had 20 spell levels left.
You knew the following spells:

 Your Spells              Type           Power      Damage    Failure   Level
a - Ensorcelled Hibernat  Hex/Ice        36%        N/A       3%          2
b - Tukima's Dance        Hex            17%        N/A       9%          3

Your spell library contained the following spells:

 Spells                   Type           Power      Damage    Failure   Level
 Sublimation of Blood     Necr           21%        N/A       1%          2
 Wereblood                Tmut           23%        N/A       1%          2
 Spider Form              Tmut/Pois      23%        N/A       2%          3
 Anguish                  Hex/Necr       9%         N/A       19%         4
 Enfeeble                 Hex            8%         N/A       100%        7
 Summon Hydra             Summ           10%        N/A       100%        7


Dungeon Overview and Level Annotations

Branches:
Dungeon (11/15)            Temple (1/1) D:7            Lair (1/6) D:9
    Orc (0/2) D:10

Altars:
Ashenzari
Cheibriados
Elyvilon
Fedhas
Kikubaaqudgha
Nemelex Xobeh
Okawaru
Qazlal
Ru
Sif Muna
Trog
Uskayaw
Vehumet
Wu Jian
Yredelemnul
Zin

Shops:
D:5 [   D:6 !   D:9 !


Innate Abilities, Weirdness & Mutations

You have very sharp teeth.
Your uncanny sense of smell can sniff out nearby items.
Your experience applies equally to all skills.


Message History

* * * LOW HITPOINT WARNING * * *
The steam dragon breathes steam at you. The ball of steam hits you!
* * * LOW HITPOINT WARNING * * *
The anaconda bites you!
* * * LOW HITPOINT WARNING * * *
The anaconda constricts you.
* * * LOW HITPOINT WARNING * * *
You hear an angry hiss.
Unknown command.
You feel better.
You are engulfed in a cloud of scalding steam.
The anaconda bites you.
* * * LOW HITPOINT WARNING * * *
The anaconda constricts you.
* * * LOW HITPOINT WARNING * * *
The steam dragon bites you but does no damage.
The steam dragon claws you but does no damage.
The anaconda bites you but does no damage.
The anaconda constricts you.
* * * LOW HITPOINT WARNING * * *
You feel better.
The anaconda bites you but does no damage.
The anaconda constricts you.
* * * LOW HITPOINT WARNING * * *
The steam dragon bites you but does no damage.
The steam dragon claws you but does no damage.
Unknown command.
A red film seems to cover your vision as you go berserk!
You feel yourself moving faster!
You feel mighty! You block the anaconda's attack. The anaconda constricts you.
* * * LOW HITPOINT WARNING * * *
An anaconda comes into view.
The anaconda bites you!
* * * LOW HITPOINT WARNING * * *
The anaconda constricts you.
* * * LOW HITPOINT WARNING * * *
The steam dragon breathes steam at you. The ball of steam hits you!
You die...

##...#.# ∆∆ ∆ * .≈≈.
###...### ######## .≈≈≈≈
#P#..######≈≈≈≈≈≈###≈≈≈≈≈
##....###≈≈≈≈≈≈≈≈≈≈≈≈≈≈≈≈≈≈
#......#≈≈≈≈≈≈..≈≈≈≈≈≈≈≈≈≈
#......#≈≈≈...l....≈≈≈≈≈≈≈
#......#≈≈....##......≈≈≈≈ ,
#.....##≈≈..#######....≈≈.
#.....##≈≈..@....##.......,
###...÷#≈≈≈SD.....##...≈≈#**
#...#.≈≈≈≈.....#.##########
#.÷÷###≈≈≈....###...# #..#
###....##.≈≈....# #..#####...
#...........###.###..##.#....
#..####.............##.##....
##..##S(..#.........P#.......
#...........##.##...##.......


You could see 2 anacondas and a steam dragon (catching breath).

Vanquished Creatures
  Fannar (Lair:1)
  2 hydras
  Harold (D:7)
  A manticore (D:11)
  2 cyclopes (D:11)
  A black mamba (Lair:1)
  Joseph (D:8)
  2 cane toads (Lair:1)
  Maggie (D:7)
  A rime drake (shapeshifter) (D:10)
  5 komodo dragons
  A polar bear (Lair:1)
  4 trolls
  A hornet (D:9)
  4 blink frogs (Lair:1)
  A wyvern (Lair:1)
  Sigmund (D:5)
  3 wraiths (D:11)
  10 yaks
  A human (D:10)
  Grum (D:8)
  Menkaure (D:4)
  2 steam dragons
  A warg (D:10)
  Edmund (D:5)
  An acid dragon (D:9)
  7 water moccasins
  3 ice beasts
  7 orc warriors
  A sky beast (D:6)
  2 black bears
  A necrophage (D:7)
  6 wolves
  5 centaurs
  3 phantoms
  2 kobold brigands
  Blork the orc (D:5)
  8 bullfrogs
  A wyvern zombie (D:5)
  3 killer bees (D:5)
  13 wights
  4 centaur zombies
  2 bullfrog zombies
  2 bullfrog skeletons
  7 orc priests
  A hound (D:6)
  A gnoll shaman (D:5)
  Ijyb (D:4)
  3 centaur skeletons
  3 iguanas
  4 orc wizards
  A killer bee zombie (D:6)
  A hound zombie (D:5)
  A hound skeleton (D:5)
  6 adders
  10 gnolls
  2 ufetubi
  2 worms (D:4)
  A dart slug (D:2)
  40 orcs
  13 ball pythons
  4 bats
  4 endoplasms
  5 giant cockroaches
  7 goblins
  8 hobgoblins
  22 kobolds
  A quokka (D:4)
  4 frilled lizards
  7 rats
  A spectral orc (D:6)
282 creatures vanquished.

Vanquished Creatures (others)
  A wizard (D:8)
  4 fungi (Lair:1)
  11 plants
  5 toadstools (D:1)
  8 withered plants (D:2)
29 creatures vanquished.

Grand Total: 311 creatures vanquished

Notes
Turn   | Place    | Note
-------+----------+-------------------------------------------
     0 | D:1      | Reached skill level 10 in Unarmed Combat
     0 | D:1      | Ajdolov the Gnoll Wanderer began the quest for the Orb.
     0 | D:1      | Ajdolov set off with the following items: a +1
                  | quarterstaff, a scroll of blinking, a potion of haste, a +0
                  | leather armour
     0 | D:1      | Reached XP level 1. HP: 23/23 MP: 2/2
   101 | D:1      | Reached XP level 2. HP: 25/29 MP: 3/3
   174 | D:1      | HP: 1/29 [constriction (1)]
   874 | D:2      | Reached XP level 3. HP: 35/35 MP: 4/4
  1414 | D:2      | Reached skill level 1 in Short Blades
  1414 | D:2      | Reached skill level 1 in Long Blades
  1414 | D:2      | Reached skill level 1 in Axes
  1414 | D:2      | Reached skill level 1 in Maces & Flails
  1414 | D:2      | Reached skill level 1 in Polearms
  1414 | D:2      | Reached skill level 1 in Slings
  1414 | D:2      | Reached skill level 1 in Bows
  1414 | D:2      | Reached skill level 1 in Crossbows
  1414 | D:2      | Reached skill level 1 in Throwing
  1414 | D:2      | Reached skill level 1 in Armour
  1414 | D:2      | Reached skill level 1 in Dodging
  1414 | D:2      | Reached skill level 1 in Stealth
  1414 | D:2      | Reached skill level 1 in Shields
  1414 | D:2      | Reached skill level 1 in Spellcasting
  1414 | D:2      | Reached skill level 1 in Evocations
  1433 | D:2      | Found a faded altar of an unknown god.
  1549 | D:2      | Reached XP level 4. HP: 40/41 MP: 6/6
  1757 | D:3      | You fall into a shaft and drop 2 floors!
  1757 | D:5      | Entered Level 5 of the Dungeon
  1757 | D:5      | Noticed a water moccasin
  1757 | D:5      | Noticed Edmund
  1763 | D:5      | Noticed a kobold brigand
  2073 | D:5      | Reached skill level 1 in Conjurations
  2073 | D:5      | Reached skill level 1 in Hexes
  2073 | D:5      | Reached skill level 1 in Summonings
  2073 | D:5      | Reached skill level 1 in Necromancy
  2073 | D:5      | Reached skill level 1 in Translocations
  2073 | D:5      | Reached skill level 1 in Transmutations
  2073 | D:5      | Reached skill level 1 in Fire Magic
  2073 | D:5      | Reached skill level 1 in Ice Magic
  2073 | D:5      | Reached skill level 1 in Air Magic
  2073 | D:5      | Reached skill level 1 in Earth Magic
  2073 | D:5      | Reached skill level 1 in Poison Magic
  2211 | D:5      | Killed a kobold brigand
  2212 | D:5      | Reached XP level 5. HP: 38/47 MP: 7/7
  2380 | D:5      | Reached XP level 6. HP: 49/53 MP: 8/8
  2783 | D:4      | Noticed Ijyb
  2792 | D:4      | Killed Ijyb
  3117 | D:3      | Found a stormy altar of Qazlal.
  3294 | D:3      | Reached XP level 7. HP: 59/59 MP: 10/10
  3628 | D:5      | Noticed Menkaure
  3628 | D:5      | Noticed Blork the orc
  3993 | D:4      | Killed Menkaure
  4061 | D:5      | Killed Blork the orc
  4110 | D:5      | Reached XP level 8. HP: 50/67 MP: 12/12
  4418 | D:5      | Found a hide-covered altar of Uskayaw.
  4505 | D:5      | Noticed Sigmund
  4520 | D:5      | Killed Sigmund
  4543 | D:5      | Killed Edmund
  4544 | D:5      | Reached skill level 11 in Unarmed Combat
  4609 | D:5      | Found Melehuy's Antique Armour Shop.
  4984 | D:5      | Reached XP level 9. HP: 64/72 MP: 14/14
  4987 | D:6      | Reached skill level 5 in Invocations
  5332 | D:6      | Found an iron altar of Okawaru.
  5445 | D:6      | Found a basalt altar of Yredelemnul.
  5565 | D:6      | Reached skill level 5 in Staves
  5597 | D:6      | Found Qupp's Distillery.
  5614 | D:6      | Bought a potion of heal wounds for 60 gold pieces
  5775 | D:7      | Found a sparkling altar of Nemelex Xobeh.
  5818 | D:7      | Noticed Harold
  5843 | D:7      | Killed Harold
  6199 | D:7      | Found a staircase to the Ecumenical Temple.
  6208 | Temple   | Entered the Ecumenical Temple
  6284 | Temple   | Became a worshipper of Ashenzari the Shackled
  6806 | D:7      | Reached XP level 10. HP: 58/80 MP: 17/17
  7491 | D:7      | Noticed Maggie
  7517 | D:7      | Killed Maggie
  7518 | D:7      | Reached skill level 5 in Short Blades
  7518 | D:7      | Reached skill level 5 in Long Blades
  7518 | D:7      | Reached skill level 5 in Axes
  7518 | D:7      | Reached skill level 5 in Maces & Flails
  7518 | D:7      | Reached skill level 5 in Polearms
  7518 | D:7      | Reached skill level 5 in Slings
  7518 | D:7      | Reached skill level 5 in Bows
  7518 | D:7      | Reached skill level 5 in Crossbows
  7518 | D:7      | Reached skill level 5 in Throwing
  7518 | D:7      | Reached skill level 5 in Armour
  7518 | D:7      | Reached skill level 5 in Dodging
  7518 | D:7      | Reached skill level 5 in Stealth
  7518 | D:7      | Reached skill level 5 in Shields
  7518 | D:7      | Reached skill level 5 in Spellcasting
  7518 | D:7      | Reached skill level 5 in Evocations
  7957 | D:8      | Found a bloodstained altar of Trog.
  8295 | D:8      | Reached * piety under Ashenzari
  8353 | D:8      | Noticed Joseph
  8365 | D:8      | Killed Joseph
  8949 | D:8      | Noticed Grum
  9186 | D:8      | Noticed a wizard
  9189 | D:8      | Killed a wizard
  9305 | D:8      | Killed Grum
  9625 | D:8      | Reached ** piety under Ashenzari
 10050 | D:9      | Found a radiant altar of Vehumet.
 10050 | D:9      | Found a white marble altar of Elyvilon.
 10161 | D:9      | Found a blossoming altar of Fedhas.
 10410 | D:9      | Found Waczeigg's Distillery.
 10416 | D:9      | Found a staircase to the Lair.
 10418 | D:9      | Bought a potion of heal wounds for 65 gold pieces
 10418 | D:9      | Bought a potion of curing for 39 gold pieces
 10418 | D:9      | Bought a potion of heal wounds for 65 gold pieces
 10549 | D:9      | Paralysed by a hornet for 2 turns
 10572 | D:9      | HP: 1/82 [steam dragon (7)]
 10578 | D:9      | Reached XP level 11. HP: 24/87 MP: 19/19
 11312 | D:10     | Entered Level 10 of the Dungeon
 11640 | D:10     | Reached skill level 12 in Unarmed Combat
 11730 | D:10     | Reached skill level 5 in Conjurations
 11730 | D:10     | Reached skill level 5 in Hexes
 11730 | D:10     | Reached skill level 5 in Summonings
 11730 | D:10     | Reached skill level 5 in Necromancy
 11730 | D:10     | Reached skill level 5 in Translocations
 11730 | D:10     | Reached skill level 5 in Transmutations
 11730 | D:10     | Reached skill level 5 in Fire Magic
 11730 | D:10     | Reached skill level 5 in Ice Magic
 11730 | D:10     | Reached skill level 5 in Air Magic
 11730 | D:10     | Reached skill level 5 in Earth Magic
 11730 | D:10     | Reached skill level 5 in Poison Magic
 11736 | D:10     | Found a staircase to the Orcish Mines.
 12220 | D:10     | Identified a scroll of acquirement
 12232 | D:10     | Acquired 978 gold pieces
 12256 | D:10     | Noticed an angel
 12257 | D:10     | Found a glowing silver altar of Zin.
 12803 | D:11     | Noticed a manticore
 12814 | D:11     | Killed a manticore
 12837 | D:11     | Noticed a cyclops
 12847 | D:11     | Killed a cyclops
 12975 | D:11     | Identified the +3 ring mail of Tybruitri {Rampage rF+
                  | Int-4}
 13068 | D:11     | Noticed a cyclops
 13086 | D:11     | Killed a cyclops
 13384 | D:11     | Found a blossoming altar of Fedhas.
 13513 | Lair:1   | Entered Level 1 of the Lair of Beasts
 13513 | Lair:1   | Noticed a five-headed hydra
 13527 | D:9      | Killed a five-headed hydra
 14292 | Lair:1   | Reached XP level 12. HP: 71/96 MP: 22/22
 14333 | Lair:1   | HP: 4/96 [blink frog (9)]
 14770 | Lair:1   | Noticed an eight-headed hydra
 14789 | Lair:1   | Killed an eight-headed hydra
 15161 | Lair:1   | Noticed Fannar
 15201 | Lair:1   | Killed Fannar
 15994 | Lair:1   | Learned a level 2 spell: Ensorcelled Hibernation
 16255 | Lair:1   | Learned a level 3 spell: Tukima's Dance
 16386 | Lair:1   | Noticed an anaconda
 16741 | Lair:1   | Noticed an anaconda
 16741 | Lair:1   | Killed from afar by a steam dragon

Illustrated notes

Levels and vault maps discovered:
D:1:      onia_arrival_pentagram, layout_rooms, chequers_serial_rivers_micro_c,
          minmay_gold_behind_fungi
D:2:      layout_basic, ebering_ecumenical_altar_petrified
D:3:      layout_rooms, marbit_many_paths, minmay_between
D:4:      layout_rooms, uniq_ijyb
D:5:      layout_rooms, eat_drink_and_be_merry_uskayaw, nicolae_stop_n_shop_2,
          grunt_ministairs_6, uniq_menkaure, uniq_blork_the_orc, uniq_edmund,
          uniq_sigmund
D:6:      layout_rooms, yredelemnul_forgotten_temple_becter,
          overflow_temple_1_default, serial_shops, nicolae_square_shop
D:7:      layout_basic, mainiacjoe_overflow_small_starburst,
          minmay_temple_entry_stoned_glass, uniq_maggie, uniq_harold
D:8:      corexii_shack_village, layout_basic, trog_wizard, uniq_grum,
          uniq_joseph
D:9:      layout_small_grid, mainiacjoe_overflow_catwalk, jmf_multi_god_temple,
          lair_entry_dummy, serial_shops, nicolae_shop_statue_plus,
          minmay_misc_feat_hallway, minivault_11, serial_park_tiny_pond
D:10:     layout_roguey, zin_angel, erik_orc_4
D:11:     layout_basic, fedhas_altar_4
Temple:   minmay_temple_forest_path
Lair:1:   layout_cave_pods, nicolae_lair_lakeside_cave, grunt_megastairs_3,
          serial_bayou_shore_b, uniq_fannar

Skill      XL: |  1  2  3  4  5  6  7  8  9 10 11 12 |
---------------+-------------------------------------+-----
Unarmed Combat | 11 12 | 12.6
Short Blades   | 1 2 3 4 5 6 7 |  7.3
Long Blades    | 1 2 3 4 5 6 7 |  7.3
Axes           | 1 2 3 4 5 6 7 |  7.3
Maces & Flails | 1 2 3 4 5 6 7 |  7.3
Polearms       | 1 2 3 4 5 6 7 |  7.3
Slings         | 1 2 3 4 5 6 7 |  7.3
Bows           | 1 2 3 4 5 6 7 |  7.3
Crossbows      | 1 2 3 4 5 6 7 |  7.3
Throwing       | 1 2 3 4 5 6 7 |  7.3
Armour         | 1 2 3 4 5 6 7 |  7.3
Dodging        | 1 2 3 4 5 6 7 |  7.3
Stealth        | 1 2 3 4 5 6 7 |  7.3
Shields        | 1 2 3 4 5 6 7 |  7.3
Spellcasting   | 1 2 3 4 5 6 7 |  7.3
Evocations     | 1 2 3 4 5 6 7 |  7.3
Conjurations   | 1 2 3 4 5 6 |  6.1
Hexes          | 1 2 3 4 5 6 |  6.1
Summonings     | 1 2 3 4 5 6 |  6.1
Necromancy     | 1 2 3 4 5 6 |  6.1
Translocations | 1 2 3 4 5 6 |  6.1
Transmutations | 1 2 3 4 5 6 |  6.1
Fire Magic     | 1 2 3 4 5 6 |  6.1
Ice Magic      | 1 2 3 4 5 6 |  6.1
Air Magic      | 1 2 3 4 5 6 |  6.1
Earth Magic    | 1 2 3 4 5 6 |  6.1
Poison Magic   | 1 2 3 4 5 6 |  6.1
Staves         | 3 4 5 6 7 |  7.8
Invocations    | 3 4 5 6 8 |  8.5
Fighting       | 7 8 9 |  9.9

Action                   |  1- 3 |  4- 6 |  7- 9 | 10-12 || total
-------------------------+-------+-------+-------+-------++-------
Melee: Unarmed           |    79 |   150 |   294 |   707 ||  1230
       Punch             |     4 |     7 |    16 |    63 ||    90
       Bite              |     6 |    14 |    44 |    98 ||   162
Throw: Dart              |     7 |       |     5 |    45 ||    57
       Throwing net      |       |       |       |     4 ||     4
 Cast: Ensorcelled Hiber |       |       |       |    10 ||    10
Invok: Curse Item        |       |       |       |     4 ||     4
Evoke: Wand              |       |       |       |    14 ||    14
       Phial of floods   |       |       |       |     1 ||     1
  Use: Potion            |       |     5 |     4 |     7 ||    16
       Scroll            |       |     2 |       |     1 ||     3
 Stab: Sleeping          |       |       |       |     7 ||     7
       Paralysed         |       |       |       |    14 ||    14
       Held in net/web   |       |       |       |     5 ||     5
       Distracted        |       |       |       |     1 ||     1
Armor: Leather armour    |    17 |       |       |       ||    17
       Plate armour      |    21 |    76 |   200 |     8 ||   305
       Ring mail         |       |       |       |   195 ||   195
       Steam dragon scal |       |       |       |     2 ||     2
Dodge: Dodged            |    47 |    22 |    41 |   376 ||   486
Block: Other             |       |    23 |    73 |   171 ||   267
       Reflection        |       |       |     3 |     4 ||     7

Table legend: (Time is in decaauts)
 A = Elapsed time spent in this place.
 B = Non-inter-level travel time spent in this place.
 C = Inter-level travel time spent in this place.
 D = Time resting spent in this place.
 E = Time spent auto-exploring this place.
 F = Levels seen in this place.
 G = Mean time per level.
                   A        B        C        D        E       F      G
               +--------+--------+--------+--------+--------+-----+--------+
         Total |  16469 |  16026 |    443 |   5497 |   7497 |  13 | 1266.8 |
       Dungeon |  13279 |  12879 |    400 |   3823 |   6494 |  11 | 1207.2 |
        Temple |    120 |     77 |     43 |      0 |     62 |   1 |  120.0 |
          Lair |   3069 |   3069 |      0 |   1674 |    941 |   1 | 3069.0 |
               +--------+--------+--------+--------+--------+-----+--------+

Top non-repeatable levels by time:
  Lair:1: 3069 daAuts
     D:7: 2076 daAuts
     D:8: 1602 daAuts
     D:5: 1517 daAuts
     D:9: 1510 daAuts
    D:10: 1314 daAuts
     D:4: 1195 daAuts
     D:6: 925 daAuts
     D:2: 905 daAuts
     D:1: 837 daAuts
    D:11: 825 daAuts
     D:3: 567 daAuts
  Temple: 120 daAuts
